TOP OF THE 1ST |
Thunder Bay Northern Lions BC batting - Pitching for Northern Virginia Rainbow Mermaids : RHP Ton Jobse
|
Pitching: RHP Ton Jobse
|
|
Batting: LHB Ramón Padilla
|
0-0: Swinging Strike 0-1: Swinging Strike 0-2: Strikes out looking
|
Batting: RHB Charles Josse
|
0-0: Ball 1-0: Ball 2-0: Ball 3-0: Swinging Strike 3-1: Foul Ball, location: 2F 3-2: Ground out 6-3 (Groundball, 6MS, EV 81.9 MPH)
|
Batting: LHB Keaton Kringlen
|
0-0: Foul Ball, location: 2F 0-1: SINGLE (Line Drive, 8RS, EV 109.4 MPH)
|
Batting: LHB Yao-pang Chiang
|
0-0: Called Strike 0-1: Foul Ball, location: 2F 0-2: SINGLE (Groundball, 34D, EV 94.4 MPH) Keaton Kringlen to second Runner from 2nd tries for 3rd, OUT! 9-5
|
Top of the 1st over - 0 runs, 2 hits, 0 errors, 1 left on base; Thunder Bay 0 - Northern Virginia 0 |
BOTTOM OF THE 1ST |
Northern Virginia Rainbow Mermaids batting - Pitching for Thunder Bay Northern Lions BC : RHP Jorge Souza
|
Pitching: RHP Jorge Souza
|
|
Batting: LHB Jeff Washington
|
0-0: Ground out 1-3 (Groundball, 34S, EV 75.6 MPH)
|
Batting: RHB Manuel Márquez
|
0-0: Called Strike 0-1: Ball 1-1: Ground out 6-3 (Groundball, 6S, EV 80.0 MPH)
|
Batting: LHB Rio Mence
|
0-0: SINGLE (Groundball, 6MD, EV 101.2 MPH)
|
Batting: LHB Javier Seco
|
0-0: Ball 1-0: Called Strike 1-1: Called Strike 1-2: Ball 2-2: Fly out, F8 (Flyball, 8LD, EV 96.2 MPH)
|
Bottom of the 1st over - 0 runs, 1 hit, 0 errors, 1 left on base; Thunder Bay 0 - Northern Virginia 0 |
TOP OF THE 2ND |
Thunder Bay Northern Lions BC batting - Pitching for Northern Virginia Rainbow Mermaids : RHP Ton Jobse
|
Batting: RHB Curf Pierstisnips
|
0-0: Ball 1-0: Ball 2-0: Called Strike 2-1: Foul Ball, location: 2F 2-2: Strikes out swinging
|
Batting: LHB Sébastien Cornu
|
0-0: Ball 1-0: Fly out, F7 (Flyball, 7, EV 81.2 MPH)
|
Batting: RHB Dusty Crum
|
0-0: Called Strike 0-1: Swinging Strike 0-2: Ground out 1-3 (Groundball, 34S, EV 88.1 MPH)
|
Top of the 2nd over - 0 runs, 0 hits, 0 errors, 0 left on base; Thunder Bay 0 - Northern Virginia 0 |
BOTTOM OF THE 2ND |
Northern Virginia Rainbow Mermaids batting - Pitching for Thunder Bay Northern Lions BC : RHP Jorge Souza
|
Batting: RHB Nate Edwards
|
0-0: Ball 1-0: Swinging Strike 1-1: Fly out, F7 (Flyball, 7S, EV 92.5 MPH)
|
Batting: LHB Dewitt Hopper
|
0-0: Called Strike 0-1: DOUBLE (Groundball, 3L, EV 93.8 MPH)
|
Batting: RHB Woong Byeon
|
0-0: Ball 1-0: Ball 2-0: Foul Ball, location: 2F 2-1: Ball 3-1: Called Strike 3-2: SINGLE (Flyball, 8RS, EV 91.2 MPH) Dewitt Hopper to third
|
Batting: RHB Jaime Montés
|
0-0: Called Strike 0-1: Ball 1-1: Called Strike 1-2: Foul Ball, location: 2F 1-2: Ball 2-2: Grounds into double play, 6-4-3 (Groundball, 6, EV 93.1 MPH)
|
Bottom of the 2nd over - 0 runs, 2 hits, 0 errors, 1 left on base; Thunder Bay 0 - Northern Virginia 0 |
TOP OF THE 3RD |
Thunder Bay Northern Lions BC batting - Pitching for Northern Virginia Rainbow Mermaids : RHP Ton Jobse
|
Batting: RHB Cord Hosenbeck
|
0-0: Foul Ball, location: 2F 0-1: SINGLE (Flyball, 7S, EV 88.8 MPH)
|
Batting: LHB Barry Flauker
|
0-0: Ball 1-0: Fielders Choice at 2nd, 4-6 (Groundball, 4, EV 98.1 MPH)
|
Batting: LHB Ramón Padilla
|
0-0: Ball 1-0: Called Strike Barry Flauker steals 2nd base 1-1: Called Strike 1-2: Ball 2-2: Strikes out swinging
|
Batting: RHB Charles Josse
|
0-0: Called Strike 0-1: Ground out 2-3 (Groundball, 15S, EV 73.8 MPH)
|
Top of the 3rd over - 0 runs, 1 hit, 0 errors, 1 left on base; Thunder Bay 0 - Northern Virginia 0 |
BOTTOM OF THE 3RD |
Northern Virginia Rainbow Mermaids batting - Pitching for Thunder Bay Northern Lions BC : RHP Jorge Souza
|
Batting: RHB Jon Huband
|
0-0: Bunt for hit to 15 - play at first, batter safe!
|
Batting: LHB Jeff Washington
|
0-0: SINGLE (Groundball, 6, EV 104.4 MPH) (infield hit) Jon Huband to second
|
Batting: RHB Manuel Márquez
|
0-0: SINGLE (Groundball, 56D, EV 105.0 MPH) Jon Huband to third Jeff Washington to second
|
Batting: LHB Rio Mence
|
0-0: Ball 1-0: Called Strike 1-1: Ball 2-1: SINGLE (Groundball, 4D, EV 97.5 MPH) Jon Huband scores Jeff Washington to third Manuel Márquez to second
|
Batting: LHB Javier Seco
|
0-0: SINGLE (Groundball, 4MD, EV 98.8 MPH) Jeff Washington scores Manuel Márquez to third Rio Mence to second
|
Batting: RHB Nate Edwards
|
0-0: SINGLE (Groundball, 34D, EV 97.5 MPH) Manuel Márquez scores Rio Mence to third Javier Seco to second
|
Batting: LHB Dewitt Hopper
|
0-0: SINGLE (Groundball, 6M, EV 101.9 MPH) (infield hit) Rio Mence scores Javier Seco to third Nate Edwards to second
|
Batting: RHB Woong Byeon
|
0-0: Foul Ball, location: 2F 0-1: Grounds into double play, 5-4-3 (Groundball, 5, EV 78.8 MPH) Javier Seco scores Nate Edwards to third
|
Batting: RHB Jaime Montés
|
0-0: SINGLE (Groundball, 4, EV 90.6 MPH) (infield hit) Nate Edwards scores
|
Pitching: LHP Mike Hess
|
|
Batting: RHB Jon Huband
|
0-0: Ball 1-0: Ball 2-0: Called Strike 2-1: Ball 3-1: SINGLE (Flyball, 8LM, EV 88.1 MPH) Jaime Montés to second Runner from 2nd tries for 3rd, SAFE, no throw by CF
|
Batting: LHB Jeff Washington
|
0-0: Foul Ball, location: 2F 0-1: Fly out, F8 (Flyball, 8LD, EV 98.8 MPH)
|
Bottom of the 3rd over - 6 runs, 9 hits, 0 errors, 2 left on base; Thunder Bay 0 - Northern Virginia 6 |
TOP OF THE 4TH |
Thunder Bay Northern Lions BC batting - Pitching for Northern Virginia Rainbow Mermaids : RHP Ton Jobse
|
Batting: LHB Keaton Kringlen
|
0-0: Called Strike 0-1: Swinging Strike 0-2: Ball 1-2: Ground out 4-3 (Groundball, 4, EV 92.5 MPH)
|
Batting: LHB Yao-pang Chiang
|
0-0: Ball 1-0: Swinging Strike 1-1: Called Strike 1-2: Ball 2-2: Ball 3-2: Foul Ball, location: 2F 3-2: Foul Ball, location: 2F 3-2: Fly out, F8 (Flyball, 78D, EV 101.9 MPH)
|
Batting: RHB Curf Pierstisnips
|
0-0: Ball 1-0: Ball 2-0: Called Strike 2-1: Called Strike 2-2: Ground out 4-3 (Groundball, 4, EV 89.4 MPH)
|
Top of the 4th over - 0 runs, 0 hits, 0 errors, 0 left on base; Thunder Bay 0 - Northern Virginia 6 |
BOTTOM OF THE 4TH |
Northern Virginia Rainbow Mermaids batting - Pitching for Thunder Bay Northern Lions BC : LHP Mike Hess
|
Batting: RHB Manuel Márquez
|
0-0: SINGLE (Groundball, 6MD, EV 98.8 MPH)
|
Pitching: RHP Jean-Marie Beck
|
|
Batting: LHB Rio Mence
|
0-0: Called Strike 0-1: Ball 1-1: Called Strike 1-2: Ball 2-2: Ball 3-2: Fielders Choice at 2nd, 4-6 (Groundball, 34, EV 99.4 MPH)
|
Batting: LHB Javier Seco
|
0-0: Called Strike 0-1: Foul Ball, location: 2F 0-2: Foul Ball, location: 2F 0-2: Strikes out looking
|
Batting: RHB Nate Edwards
|
0-0: Called Strike 0-1: Called Strike 0-2: Ball 1-2: Foul Ball, location: 2F 1-2: Fly out, F8 (Line Drive, 8LM, EV 106.2 MPH)
|
Bottom of the 4th over - 0 runs, 1 hit, 0 errors, 1 left on base; Thunder Bay 0 - Northern Virginia 6 |
TOP OF THE 5TH |
Thunder Bay Northern Lions BC batting - Pitching for Northern Virginia Rainbow Mermaids : RHP Ton Jobse
|
Batting: LHB Sébastien Cornu
|
0-0: Foul Ball, location: 2F 0-1: Ball 1-1: Ball 2-1: Called Strike 2-2: Ball 3-2: Strikes out looking
|
Batting: RHB Dusty Crum
|
0-0: Ball 1-0: Fly out, F8 (Flyball, 8RM, EV 82.5 MPH)
|
Batting: RHB Cord Hosenbeck
|
0-0: Ball 1-0: Swinging Strike 1-1: Ground out U3 (Groundball, 3, EV 81.9 MPH)
|
Top of the 5th over - 0 runs, 0 hits, 0 errors, 0 left on base; Thunder Bay 0 - Northern Virginia 6 |
BOTTOM OF THE 5TH |
Northern Virginia Rainbow Mermaids batting - Pitching for Thunder Bay Northern Lions BC : RHP Jean-Marie Beck
|
Batting: LHB Dewitt Hopper
|
0-0: Foul Ball, location: 2F 0-1: Swinging Strike 0-2: Ball 1-2: Ball 2-2: Foul Ball, location: 2F 2-2: Ball 3-2: Foul Ball, location: 2F 3-2: Strikes out looking
|
Batting: RHB Woong Byeon
|
0-0: Called Strike 0-1: Ball 1-1: Ball 2-1: Fly out, F9 (Flyball, 9LD, EV 76.9 MPH)
|
Batting: RHB Jaime Montés
|
0-0: Ball 1-0: Ball 2-0: Called Strike 2-1: Foul Ball, location: 2F 2-2: Strikes out swinging
|
Bottom of the 5th over - 0 runs, 0 hits, 0 errors, 0 left on base; Thunder Bay 0 - Northern Virginia 6 |
TOP OF THE 6TH |
Thunder Bay Northern Lions BC batting - Pitching for Northern Virginia Rainbow Mermaids : RHP Ton Jobse
|
Batting: LHB Barry Flauker
|
0-0: Swinging Strike 0-1: Foul Ball, location: 2F 0-2: Ground out 6-3 (Groundball, 6M, EV 90.6 MPH)
|
Batting: LHB Ramón Padilla
|
0-0: Fly out, F8 (Flyball, 8RXD, EV 96.2 MPH)
|
Batting: RHB Charles Josse
|
0-0: Called Strike 0-1: Ball 1-1: Ground out 4-3 (Groundball, 4, EV 80.0 MPH)
|
Top of the 6th over - 0 runs, 0 hits, 0 errors, 0 left on base; Thunder Bay 0 - Northern Virginia 6 |
BOTTOM OF THE 6TH |
Northern Virginia Rainbow Mermaids batting - Pitching for Thunder Bay Northern Lions BC : RHP Jean-Marie Beck
|
Batting: RHB Jon Huband
|
0-0: Called Strike 0-1: Ball 1-1: Ball 2-1: Foul Ball, location: 2F 2-2: Ground out 4-3 (Groundball, 4S, EV 80.0 MPH)
|
Batting: LHB Jeff Washington
|
0-0: Ball 1-0: SINGLE (Line Drive, 6D, EV 101.9 MPH)
|
Batting: RHB Manuel Márquez
|
0-0: SINGLE (Flyball, 9S, EV 96.2 MPH) Jeff Washington to second Runner from 2nd tries for 3rd, SAFE, no throw by RF
|
Batting: LHB Rio Mence
|
0-0: Ball 1-0: Called Strike 1-1: Ball 2-1: Foul Ball, location: 2F 2-2: Foul Ball, location: 2F 2-2: Strikes out looking
|
Batting: LHB Javier Seco
|
0-0: Ball 1-0: Ball Wild Pitch! Jeff Washington scores Manuel Márquez to second 2-0: Called Strike 2-1: Ball 3-1: Base on Balls
|
Batting: RHB Nate Edwards
|
0-0: Foul Ball, location: 2F 0-1: Ground out 5-3 (Groundball, 56S, EV 89.4 MPH)
|
Bottom of the 6th over - 1 run, 2 hits, 0 errors, 2 left on base; Thunder Bay 0 - Northern Virginia 7 |
TOP OF THE 7TH |
Thunder Bay Northern Lions BC batting - Pitching for Northern Virginia Rainbow Mermaids : RHP Ton Jobse
|
Batting: LHB Keaton Kringlen
|
0-0: Ball 1-0: Ball 2-0: Ball 3-0: Base on Balls
|
Batting: LHB Yao-pang Chiang
|
0-0: Fly out, F9 (Flyball, 89D, EV 106.2 MPH)
|
Batting: RHB Curf Pierstisnips
|
0-0: Called Strike 0-1: Ball 1-1: Ball 2-1: Foul Ball, location: 2F 2-2: Foul Ball, location: 2F 2-2: Foul Ball, location: 2F 2-2: Fly out, F8 (Flyball, 89M, EV 71.2 MPH)
|
Batting: LHB Sébastien Cornu
|
0-0: Called Strike 0-1: Swinging Strike 0-2: Foul Ball, location: 2F 0-2: Foul Ball, location: 2F 0-2: Strikes out swinging
|
Top of the 7th over - 0 runs, 0 hits, 0 errors, 1 left on base; Thunder Bay 0 - Northern Virginia 7 |
BOTTOM OF THE 7TH |
Northern Virginia Rainbow Mermaids batting - Pitching for Thunder Bay Northern Lions BC : RHP Jean-Marie Beck
|
Pinch Hitting: RHB Lorenzo Varela
|
0-0: Ground out 1-3 (Groundball, P, EV 86.9 MPH)
|
Batting: RHB Woong Byeon
|
0-0: Ball 1-0: Ball 2-0: Called Strike 2-1: Ball 3-1: Fly out, F9 (Flyball, 9S, EV 89.4 MPH)
|
Batting: RHB Jaime Montés
|
0-0: Ball 1-0: Foul Ball, location: 2F 1-1: Called Strike 1-2: Ground out 2-3 (Groundball, 15S, EV 71.9 MPH)
|
Bottom of the 7th over - 0 runs, 0 hits, 0 errors, 0 left on base; Thunder Bay 0 - Northern Virginia 7 |
TOP OF THE 8TH |
Thunder Bay Northern Lions BC batting - Pitching for Northern Virginia Rainbow Mermaids : RHP Ton Jobse
|
Now at 1B: Lorenzo Varela
|
|
Batting: RHB Dusty Crum
|
0-0: Ball 1-0: Ball 2-0: Ball 3-0: Called Strike 3-1: Ground out 6-3 (Groundball, 4M, EV 85.6 MPH)
|
Batting: RHB Cord Hosenbeck
|
0-0: Ball 1-0: Called Strike 1-1: DOUBLE (Groundball, 3L, EV 107.5 MPH)
|
Batting: LHB Barry Flauker
|
0-0: SINGLE (Groundball, 4M, EV 100.0 MPH) Cord Hosenbeck to third
|
Batting: LHB Ramón Padilla
|
0-0: Ball 1-0: Ball 2-0: Grounds into double play, 5-4-3 (Groundball, 5L, EV 106.2 MPH)
|
Top of the 8th over - 0 runs, 2 hits, 0 errors, 1 left on base; Thunder Bay 0 - Northern Virginia 7 |
BOTTOM OF THE 8TH |
Northern Virginia Rainbow Mermaids batting - Pitching for Thunder Bay Northern Lions BC : RHP Jean-Marie Beck
|
Batting: RHB Jon Huband
|
0-0: Ball 1-0: Swinging Strike 1-1: Foul Ball, location: 2F 1-2: Foul Ball, location: 2F 1-2: Strikes out looking
|
Pitching: RHP Von Hansen
|
|
Batting: LHB Jeff Washington
|
0-0: Foul Ball, location: 2F 0-1: Called Strike 0-2: Strikes out swinging
|
Batting: RHB Manuel Márquez
|
0-0: Ball 1-0: Ball 2-0: Fly out, F9 (Flyball, 89M, EV 93.8 MPH)
|
Bottom of the 8th over - 0 runs, 0 hits, 0 errors, 0 left on base; Thunder Bay 0 - Northern Virginia 7 |
TOP OF THE 9TH |
Thunder Bay Northern Lions BC batting - Pitching for Northern Virginia Rainbow Mermaids : RHP Ton Jobse
|
Batting: RHB Charles Josse
|
0-0: Ball 1-0: Foul Ball, location: 2F 1-1: Foul Ball, location: 2F 1-2: Ground out U3 (Groundball, 34S, EV 88.1 MPH)
|
Batting: LHB Keaton Kringlen
|
0-0: Foul Ball, location: 2F 0-1: Foul Ball, location: 2F 0-2: Foul Ball, location: 2F 0-2: Ball 1-2: Ball 2-2: Fly out, F9 (Flyball, 9, EV 86.9 MPH)
|
Batting: LHB Yao-pang Chiang
|
0-0: Ball 1-0: Swinging Strike 1-1: Ball 2-1: Foul Ball, location: 2F 2-2: SINGLE (Flyball, 78S, EV 90.6 MPH)
|
Batting: RHB Curf Pierstisnips
|
0-0: Ball 1-0: Ball 2-0: Called Strike 2-1: Ground out U3 (Groundball, 34, EV 91.2 MPH)
|
Top of the 9th over - 0 runs, 1 hit, 0 errors, 1 left on base; Thunder Bay 0 - Northern Virginia 7 |
|